 Dungeon Crawl Stone Soup version 0.30-a0-54-g2e61a25929 (webtiles) character file.

Game seed: 6325550723448704212

6 omnomnOMINOUS the Conjurer (level 1, -1/12 HPs)
             Began as an Octopode Wanderer on Sept 9, 2022.
             Slain by a kobold
             ... wielding a +0 short sword
              (4 damage)
             ... on level 1 of the Dungeon.
             The game lasted 00:01:08 (155 turns).

omnomnOMINOUS the Conjurer (Octopode Wanderer)       Turns: 155, Time: 00:01:08

Health: -1/12      AC:  1    Str:  9    XL:     1   Next: 90%
Magic:  2/3        EV: 12    Int: 15    God:
Gold:   20         SH:  3    Dex: 12    Spells: 3/4 levels left

rFire   . . .      SeeInvis .    a - +0 dagger
rCold   . . .      Faith    .    c - +0 buckler
rNeg    . . .      Spirit   .    (helmet restricted)
rPois   .          Reflect  .    (no amulet)
rElec   .          Harm     .    (no ring)
rCorr   .          Rampage  .    (no ring)
Will    .....                    (no ring)
Stlth   ++........               (no ring)
HPRegen 0.04/turn                (no ring)
MPRegen 0.08/turn                (no ring)
                                 (no ring)
                                 (no ring)

@: no status effects
A: almost no armour, amphibious, 8 rings, camouflage 1, gelatinous body 1,
(nimble swimmer 1), tentacles
a: no special abilities


You were on level 1 of the Dungeon.
You visited 1 branch of the dungeon, and saw 1 of its levels.

You collected 20 gold pieces.

Inventory:

Hand Weapons
 a - a +0 dagger (weapon)
Armour
 c - a +0 buckler (worn)
Jewellery
 e - an amulet of magic regeneration
Potions
 b - a potion of lignification
 d - a potion of magic {unknown}


   Skills:
 + Level 0.4 Fighting
 + Level 1.2 Dodging
 + Level 1.2 Shields
 - Level 2.0 Spellcasting
 + Level 3.1 Conjurations
 - Level 3.0 Fire Magic


You had 3 spell levels left.
You knew the following spells:

 Your Spells              Type           Power      Damage    Failure   Level
a - Foxfire               Conj/Fire      40%        2x1d6     9%          1

Your spell library contained the following spells:

 Spells                   Type           Power      Damage    Failure   Level
 Scorch                   Fire           20%        2d6       13%         2
 Shock                    Conj/Air       24%        1d4       16%         1
 Stone Arrow              Conj/Erth      12%        3d7       43%         3
 Ignite Poison            Fire/Tmut/Pois 4%         N/A       50%         3


Dungeon Overview and Level Annotations

Branches:
Dungeon (1/15)

Altars:


Innate Abilities, Weirdness & Mutations

You cannot wear most types of armour.
You are amphibious.
You can wear up to eight rings at the same time.
Your skin changes colour to match your surroundings (Stealth+).
Your rubbery body absorbs attacks. (AC +1, EV +1)
((You are camouflaged when in or above water. (Stealth+)))
You have tentacles for arms and can constrict up to eight enemies at once.


Message History

The giant cockroach is almost dead.
The foxfire hits the giant cockroach.
You kill the giant cockroach!
Unknown command.
Magic restored.
You now have 20 gold pieces (gained 12).
d - a metallic puce potion You open the door.
There is an open door here.
You open the door.
There is an open door here.
You open the door.
There is an open door here.
Found a whip.
e - an amulet of magic regeneration A goblin and a kobold come into view.
The kobold shouts!
The goblin shouts!
You start putting on your amulet.
You continue putting on your amulet of magic regeneration. x3
The goblin hits you with a +0 dagger.
Keep equipping yourself? [Y]es or [N]o only, please.
Keep equipping yourself? [Y]es or [N]o only, please.
Keep equipping yourself?
You stop putting on your amulet.
An endoplasm comes into view.
The endoplasm quivers.
You hit the goblin. You grab the goblin. You squeeze the goblin.
You kill the goblin!
The kobold throws a stone.
The stone hits you. The kobold completely misses you.
You see here a +0 dagger.
The kobold hits you with a +0 short sword.
* * * LOW HITPOINT WARNING * * *
Casting: Foxfire (safe; 9% risk of failure)
Confirm with . or Enter, or press ? or * to list all spells.
You conjure some foxfire!
The kobold hits you with a +0 short sword.
You die...

##.......# ....#'##.#
.# ##.......# .+
###......##.# .#
..'......##.# K#
###......##.## .#
###'##.##.#.. .#
#####....##.##.###.##
.)...######.#..v@KJ.#
.....# #.####v####
.....######.####.#
...............#.#
###########....#.#
#....#.# #......#
#.....## #.....#


You could see an endoplasm and a kobold (ally target).

Vanquished Creatures
  A bat (D:1)
  A giant cockroach (D:1)
  A goblin (D:1)
  A kobold (D:1)
  A ball python (D:1)
5 creatures vanquished.

Vanquished Creatures (others)
  3 foxfires (D:1)
3 creatures vanquished.

Grand Total: 8 creatures vanquished

Notes
Turn   | Place    | Note
-------+----------+-------------------------------------------
     0 | D:1      | omnomnOMINOUS the Octopode Wanderer began the quest for the
                  | Orb.
     0 | D:1      | omnomnOMINOUS set off with the following items: a +0
                  | dagger, a potion of lignification, a +0 buckler; and the
                  | following spells available to memorise: Foxfire, Scorch,
                  | Shock, Stone Arrow, Ignite Poison.
     0 | D:1      | Reached XP level 1. HP: 11/11 MP: 3/3
    33 | D:1      | Learned a level 1 spell: Foxfire
   155 | D:1      | Slain by a kobold

Illustrated notes

Levels and vault maps discovered:
D:1:      zaba_arrival_water, layout_basic, grunt_decor_fettered,
          minmay_octomino_e4

Action                   || total
-------------------------++-------
Melee: Dagger            ||     9
       Constrict         ||     3
       Tentacles         ||     1
 Cast: Foxfire           ||     3
Armor: Skin              ||     3
Dodge: Dodged            ||     4
Block: Buckler           ||     2

Table legend: (Time is in decaauts)
 A = Elapsed time spent in this place.
 B = Non-inter-level travel time spent in this place.
 C = Inter-level travel time spent in this place.
 D = Time resting spent in this place.
 E = Time spent auto-exploring this place.
 F = Levels seen in this place.
 G = Mean time per level.
                   A        B        C        D        E       F      G
               +--------+--------+--------+--------+--------+-----+--------+
         Total |    155 |    155 |      0 |      0 |    111 |   1 |  155.0 |
       Dungeon |    155 |    155 |      0 |      0 |    111 |   1 |  155.0 |
               +--------+--------+--------+--------+--------+-----+--------+

Top non-repeatable levels by time:
     D:1: 155 daAuts
